 Dungeon Crawl Stone Soup version 0.31.0-32-g396128a36d (webtiles) character file.

Game seed: 5166860450114738254

194 firemarshallily the Digger (level 6, -1/44 HPs)
             Began as a Formicid Earth Elementalist on Apr 24, 2024.
             Killed from afar by Sigmund (9 damage)
             ... with a puff of flame
             ... on level 3 of the Dungeon.
             The game lasted 00:05:44 (2271 turns).

firemarshallily the Digger (FoEE)                   Turns: 2271, Time: 00:05:45

Health: -1/44      AC:  2    Str: 12    XL:     6   Next: 3%
Magic:  2/11       EV: 12    Int: 17    God:
Gold:   89         SH:  0    Dex: 14    Spells: 5/12 levels left

rFire   . . .        h - +4 dagger (venom)
rCold   . . .        (no shield)
rNeg    . . .        a - +0 robe
rPois   .            (helmet unavailable)
rElec   .            (no cloak)
rCorr   .            (no gloves)
SInv    +            (no boots)
Will    .....        (no amulet)
Stlth   ++           (no ring)
HPRegen 0.27/turn    (no ring)
MPRegen 0.12/turn

%: no passive effects
@: no status effects
A: permanent stasis, dig shafts and tunnels, antennae 3, four strong arms
a: Dig, Shaft Self


You were on level 3 of the Dungeon.
You visited 1 branch of the dungeon, and saw 3 of its levels.

You collected 89 gold pieces.

Inventory:

Hand Weapons
 h - a +4 dagger of venom (weapon)
Missiles
 l - 3 boomerangs
Armour
 a - a +0 robe (worn)
Scrolls
 d - a scroll of teleportation {unknown}
 e - a scroll of summoning {unknown}
 f - 3 scrolls of identify {unknown}
 j - a scroll of enchant armour {unknown}
 k - a scroll of vulnerability {unknown}
Potions
 b - a potion of magic
 g - a potion of heal wounds {unknown}
 i - a potion of brilliance {unknown}


   Skills:
 + Level 1.9 Fighting
 - Level 1.7 Dodging
 - Level 2.4 Stealth
 * Level 3.8 Spellcasting
 + Level 2.2 Conjurations
 * Level 5.1 Earth Magic


You had 5 spell levels left.
You knew the following spells:

 Your Spells              Type           Power      Damage    Failure   Level
a - Sandblast             Erth           40%        2d10      1%          1
b - Stone Arrow           Conj/Erth      30%        3d8       11%         3
c - Passwall              Erth           20%        N/A       6%          3

Your spell library contained the following spells:

 Spells                   Type           Power      Damage    Failure   Level
 Brom's Barrelling Bould  Conj/Erth      15%        2d4       34%         4
 Petrify                  Alch/Erth      12%        N/A       50%         4


Dungeon Overview and Level Annotations

Branches:
Dungeon (3/15)

Altars:

Annotations:
D:3 Sigmund


Innate Abilities, Weirdness & Mutations

You cannot be hasted, slowed, berserked, paralysed or teleported.
You can dig through walls and to a lower floor.
You have a pair of large antennae on your head. (SInv)
Your four strong arms can wield two-handed weapons with a shield.


Message History

You are very lightly contaminated with residual magic.
Strange energies run through your body!
The centaur shoots an arrow.
The arrow hits you!
The centaur shoots an arrow.
The arrow misses you.
Sigmund the Dreaded comes into view.
He is wielding a +0 scythe.
Casting: Stone Arrow (quite dangerous; 13% risk of failure)
Confirm with . or Enter, or press ? or * to list all spells.
Aiming: Stone Arrow (quite dangerous; 13% risk of failure)
Press: ? - help, Shift-Dir - straight line, f/p - centaur
Aim: a centaur, wielding a +0 orcbow (severely wounded, 81% to hit)
The stone arrow hits the centaur!
You kill the centaur!
Your Conjurations skill increases to level 2!
Your Earth Magic skill increases to level 5!
The blast of sand hits the adder!
The adder is severely wounded.
You miss the adder.
The adder is severely wounded.
The adder bites you.
Sigmund casts a spell.
Sigmund flickers and vanishes for a moment.
The adder closely misses you.
You hit the adder.
The adder is poisoned.
The adder is almost dead.
You kill the adder!
You have reached level 6!
An orc comes into view. It is wielding a +2 mace of holy wrath.
Sigmund casts a spell at you. The magic dart hits you!
Your magical contamination has completely faded away.
The orc shouts!
Sigmund gestures at you while chanting. The magic dart hits you!
* * * LOW HITPOINT WARNING * * *
You feel better.
The orc hits you with a +2 mace of holy wrath.
* * * LOW HITPOINT WARNING * * *
Sigmund points at you and mumbles some strange words.
The puff of flame hits you!
You die...
Sigmund begins carving another notch in his scythe.

##<#######.....# .# ##.#
###...# ##.#.## ##.# #...# #..
... #.# #...# #.. .. #.. #...#
#.##.# # ##....#####†..######
#.#.. .# .
#..†.....)....###.#.##.##..
.#...........o.....@.#...>....
#...........@...##...@.†.)# ,
....#####...#######.....##.#
... #...# #....#?# .# #...#
#.......# #...# ##....###
#...# ##.... ##.... .....


You could see Sigmund (invisible) and an orc.

Vanquished Creatures
  A centaur (D:3)
  Jessica (D:2)
  4 adders
  2 dart slugs
  An orc (D:3)
  7 ball pythons
  A bat (D:1)
  4 endoplasms
  A giant cockroach (D:2)
  5 goblins
  4 hobgoblins
  2 jackals (D:1)
  A kobold (D:2)
  2 quokkas (D:1)
  6 frilled lizards
  6 rats
48 creatures vanquished.

Notes
Turn   | Place    | Note
-------+----------+-------------------------------------------
     0 | D:1      | firemarshallily the Formicid Earth Elementalist began the
                  | quest for the Orb.
     0 | D:1      | Reached XP level 1. HP: 13/13 MP: 3/3
    75 | D:1      | Reached skill level 1 in Conjurations
   146 | D:1      | Reached XP level 2. HP: 20/20 MP: 1/5
   531 | D:1      | Reached skill level 4 in Earth Magic
   785 | D:1      | Reached XP level 3. HP: 25/25 MP: 5/7
   789 | D:1      | Learned a level 3 spell: Stone Arrow
   793 | D:1      | Learned a level 3 spell: Passwall
  1199 | D:2      | Reached skill level 1 in Fighting
  1315 | D:2      | Noticed Jessica
  1320 | D:2      | Killed Jessica
  1321 | D:2      | Reached XP level 4. HP: 28/32 MP: 4/8
  2095 | D:3      | Reached XP level 5. HP: 37/37 MP: 7/9
  2251 | D:3      | Noticed a centaur
  2256 | D:3      | Noticed Sigmund
  2257 | D:3      | Killed a centaur
  2258 | D:3      | Reached skill level 5 in Earth Magic
  2261 | D:3      | Reached XP level 6. HP: 22/44 MP: 0/11
  2271 | D:3      | Killed from afar by Sigmund

Illustrated notes

Levels and vault maps discovered:
D:1:      sevenhm_arrival_forest_fort_large_4, layout_loops_ring
D:2:      layout_loops_ring, minivault_23, uniq_jessica
D:3:      layout_loops_cross, minmay_misc_feat_enclosed, uniq_sigmund,
          uniq_crazy_yiuf_cottage

Skill      XL: |  1  2  3  4  5 |
---------------+----------------+-----
Conjurations   | 1 2 |  2.2
Earth Magic    | 4 5 |  5.1
Fighting       | 1 |  1.9
Spellcasting   | 3 |  3.8
Dodging        | |  1.7
Stealth        | |  2.4

Action                     |  1- 3 |  4- 6 || total
---------------------------+-------+-------++-------
  Melee: Dagger            |       |     2 ||     2
   Cast: Sandblast         |    29 |    28 ||    57
         Stone Arrow       |     1 |     2 ||     3
    Use: Potion            |     1 |     1 ||     2
 Armour: Robe              |     2 |     8 ||    10
  Dodge: Dodged            |     2 |     8 ||    10
